 Dungeon Crawl Stone Soup version 0.25-a0-1024-gbfbf38f2cb (webtiles) character file.

Game seed: 15379098715462202226, levelgen mode: deterministic

602 Flugslaktarn the Skirmisher (level 7, 0/55 HPs)
             Began as a Mummy Fighter on May 12, 2020.
             Slain by an ogre
             ... wielding a cursed -3 giant club
              (6 damage)
             ... on level 4 of the Dungeon.
             The game lasted 00:02:06 (3315 turns).

Flugslaktarn the Skirmisher (Mummy Fighter)         Turns: 3315, Time: 00:02:07

Health: 0/55       AC: 12    Str: 20    XL:     7   Next: 18%
Magic:  7/7        EV:  3    Int:  7    God:
Gold:   150        SH:  9    Dex: 13    Spells: 6/6 levels left

rFire    . . .     SeeInvis .   a - +0 war axe
rCold    + + .     Gourm    .   c - +0 kite shield
rNeg     + + +     Faith    .   d - +0 plate armour
rPois    ∞         Spirit   .   (no helmet)
rElec    .         Reflect  .   j - scarf {rC+ rF+}
rCorr    .         Harm     .   k - +0 pair of gloves
MR       .....                  (no boots)
Stlth    ..........             (no amulet)
HPRegen  0.18/turn              (no ring)
MPRegen  0.10/turn              (no ring)

@: no status effects
A: no food or potions, fire vulnerability, cold resistance 1, negative energy
resistance 3, torment resistance, unbreathing
a: no special abilities


You were on level 4 of the Dungeon.
You were not hungry.

You visited 1 branch of the dungeon, and saw 4 of its levels.

You collected 150 gold pieces.

Inventory:

Hand Weapons
 a - a +0 war axe (weapon)
Armour
 c - a +0 kite shield (worn)
 d - a +0 plate armour (worn)
   (You found it on level 3 of the Dungeon)
 j - a scarf of resistance (worn)
   (You found it on level 3 of the Dungeon)
 k - a +0 pair of gloves (worn)
   (You found it on level 3 of the Dungeon)
Wands
 f - a wand of paralysis (7)
   (You found it on level 2 of the Dungeon)
Scrolls
 e - a scroll of fog
 g - a scroll of magic mapping {unknown}
 h - 2 scrolls of immolation {unknown}
 i - a scroll of enchant weapon {unknown}
 t - 4 scrolls of teleportation
 x - 6 scrolls of remove curse
 z - a scroll of blinking


   Skills:
 + Level 4.5 Fighting
 * Level 4.3 Axes
 + Level 3.7 Armour
 + Level 3.7 Shields


You had 6 spell levels left.
You didn't know any spells.
Your spell library was empty.

Dungeon Overview and Level Annotations

Branches:
Dungeon (4/15)
 Temple: D:4-7

Altars:
Ashenzari


Innate Abilities, Weirdness & Mutations

You do not eat or drink.
Your flesh is vulnerable to fire.
You are immune to poison.
Your flesh is cold resistant. (rC+)
You are immune to negative energy. (rN+++)
You are immune to unholy pain and torment.
You can survive without breathing.


Message History

* * * LOW HITPOINT WARNING * * *
Things that are here:
a +0 hand axe; 2 boomerangs; an orc corpse
Things that are here:
a +0 dagger; 9 gold pieces
Things that are here:
a +0 halberd; a +0 robe; a sedimented white potion
There is a stone staircase leading down here.
Items here: )))) a +2 dagger of protection; a +1 vorpal flail; a +0 flail; a +0 short sword You see here a +0 scale mail.
The ogre hits you with a cursed -3 giant club!
* * * LOW HITPOINT WARNING * * *
There is a stone staircase leading down here.
Items here: )))) a +2 dagger of protection; a +1 vorpal flail; a +0 flail; a +0 short sword You see here a +0 scale mail.
There is a stone staircase leading up here.
The ogre hits you with a cursed -3 giant club.
You die...

######.##.# ..........#
######....# ## # ####.#
.. # #.# .#.# # #.# .#.#
# #.# .#.#### # ##.##
##.#.....
########...#####@..#####
...........>)[.O.#.....#
########...#####...###.#
#.........######.##
##.######.........#
...######.#########
..........# ###########


You could see an ogre.

Vanquished Creatures
  Grinder (D:4)
  Blork the orc (D:4)
  A scorpion (D:3)
  A jelly (D:4)
  A hound (D:4)
  2 orc priests
  Natasha (D:4)
  4 adders
  3 oozes
  A worm (D:3)
  2 dart slugs (D:2)
  3 leopard geckos
  16 orcs
  8 bats
  3 giant cockroaches
  6 goblins
  7 hobgoblins
  6 kobolds
  A quokka (D:2)
  8 frilled lizards
  A quokka skeleton (D:4)
  6 rats
83 creatures vanquished.

Notes
Turn   | Place    | Note
-------+----------+-------------------------------------------
     0 | D:1      | Flugslaktarn the Mummy Fighter began the quest for the Orb.
     0 | D:1      | Reached XP level 1. HP: 18/18 MP: 1/1
   333 | D:1      | Reached XP level 2. HP: 21/24 MP: 2/2
   944 | D:2      | Reached XP level 3. HP: 29/29 MP: 3/3
  1360 | D:2      | Reached XP level 4. HP: 30/35 MP: 4/4
  1984 | D:3      | Reached XP level 5. HP: 22/42 MP: 5/5
  2369 | D:3      | Found a faded altar of an unknown god.
  2785 | D:4      | Noticed Grinder
  2810 | D:4      | Paralysed by Grinder for 3 turns
  2818 | D:4      | Killed Grinder
  2818 | D:4      | Reached XP level 6. HP: 40/48 MP: 6/6
  2894 | D:4      | Noticed Blork the orc
  2917 | D:4      | Found a shattered altar of Ashenzari.
  3188 | D:4      | Noticed Natasha
  3193 | D:4      | Killed Natasha
  3231 | D:4      | Killed Blork the orc
  3231 | D:4      | Reached XP level 7. HP: 45/55 MP: 7/7
  3315 | D:4      | Slain by an ogre

Illustrated notes

Levels and vault maps discovered:
D:1:      lightli_arrival_statue_moat, layout_loops_ring, st_stairs_5
D:2:      layout_basic, minmay_pentomino_z2
D:3:      layout_basic, chequers_ecumenical_altar_simple
D:4:      layout_loops_ring, ashenzari_conservatory_becter, serial_shops,
          kennysheep_mini, gammafunk_ghost_grave, nrook_mini_vaults,
          serial_bayou_lagoon_b, uniq_grinder, uniq_ijyb, uniq_blork_the_orc,
          uniq_pikel, uniq_natasha

Skill      XL: |  1  2  3  4  5  6 |
---------------+-------------------+-----
Axes           | 2 3 4 |  4.3
Armour         | 3 |  3.7
Shields        | 3 |  3.7
Fighting       | 4 |  4.5

Action                   |  1- 3 |  4- 6 |  7- 9 || total
-------------------------+-------+-------+-------++-------
Melee: War axe           |   127 |   162 |    16 ||   305
  Use: Scroll            |     4 |     3 |       ||     7
Armor: Scale mail        |    78 |     6 |       ||    84
       Plate armour      |       |    90 |     3 ||    93
Dodge: Dodged            |    39 |    22 |     1 ||    62
Block: Kite shield       |    83 |    88 |     5 ||   176

Table legend:
 A = Non-vault XP
 B = Vault XP
 C = Vault XP percentage of total XP
 D = Non-vault monster count
 E = Vault monster count
 F = Vault count percentage of total count
                 A         B        C        D         E       F
            +---------+---------+-------+---------+---------+-------
      Total |     453 |     408 |  47.4 |      76 |       7 |   8.4
            +---------+---------+-------+---------+---------+-------
        D:1 |      29 |       4 |  12.1 |      18 |       3 |  14.3
        D:2 |     126 |       1 |   0.8 |      25 |       1 |   3.8
        D:3 |     136 |       0 |   0.0 |      20 |       0 |   0.0
        D:4 |     162 |     403 |  71.3 |      13 |       3 |  18.8
            +---------+---------+-------+---------+---------+-------
